 Dungeon Crawl Stone Soup version 0.21.1-1-g345015fe64 (webtiles) character file.

14658 Neverless the Brawler (level 12, -7/96 HPs)
             Began as a Ghoul Monk on June 24, 2018.
             Was an Elder of Makhleb.
             Killed by divine providence
             ... invoked by a meliai
              (14 damage)
             ... on level 11 of the Dungeon on June 25, 2018.
             The game lasted 02:18:26 (11417 turns).

Neverless the Brawler (Ghoul Monk)                 Turns: 11417, Time: 02:18:27

Health: -7/96      AC: 11    Str: 17    XL:     12   Next: 18%
Magic:  11/11      EV: 16    Int:  5    God:    Makhleb [****..]
Gold:   577        SH:  5    Dex: 14    Spells: 11/11 levels left

rFire    . . .     SeeInvis +     - Unarmed
rCold    + . .     Gourm    .   s - +0 buckler
rNeg     + + +     Faith    .   f - +1 leather armour
rPois    ∞         Spirit   .   j - +1 helmet
rElec    .         Reflect  .   k - +1 cloak
rCorr    .         Harm     .   F - +0 pair of gloves
MR       .....                  t - +0 pair of boots
Stlth    +++++.....             (no amulet)
HPRegen  0.00/turn              o - ring of stealth
MPRegen  0.12/turn              u - ring of see invisible

@: about to teleport, rotting
A: rotting body, claws 1, carnivore, cold resistance 1, negative energy
resistance 3, inhibited regeneration, torment resistance, unbreathing
a: Minor Destruction, Lesser Servant of Makhleb, Major Destruction, Renounce
Religion


You were on level 11 of the Dungeon.
You worshipped Makhleb.
Makhleb was greatly pleased with you.
You were not hungry.

You visited 2 branches of the dungeon, and saw 12 of its levels.

You collected 577 gold pieces.

Inventory:

Hand Weapons
 g - a +3 dagger of speed
 n - the +4 mace of Otueli Kysch {antimagic, *Rage rC+ Int+3 Dex+3, unknown}
   (You found it on level 4 of the Dungeon)

   It reduces the magical energy of the wielder, and disrupts the spells and
   magical abilities of those hit.
   Natural abilities and divine invocations are not affected.
   It affects your intelligence (+3).
   It affects your dexterity (+3).
   It protects you from cold.
   It may make you go berserk in combat.
Missiles
 h - a throwing net (quivered)
 L - 7 tomahawks
Armour
 a - a +0 robe
 f - a +1 leather armour (worn)
 j - a +1 helmet (worn)
 k - a +1 cloak (worn)
 s - a +0 buckler (worn)
 t - a +0 pair of boots (worn)
 F - a +0 pair of gloves (worn)
Jewellery
 o - a ring of stealth (left hand)
 q - an uncursed amulet of the gourmand
 u - a ring of see invisible (right hand)
 I - an uncursed ring of wizardry {unknown}
 K - an uncursed ring of wizardry {unknown}
Wands
 y - a wand of flame (32)
 B - a wand of random effects (60)
 C - a wand of scattershot (2)
 H - a wand of enslavement (18)
 M - a wand of acid (18)
 N - a wand of paralysis (13)
Scrolls
 m - 7 scrolls of remove curse
 r - 2 scrolls of teleportation
 w - a scroll of fog {unknown}
 x - 3 scrolls of enchant armour
 A - 2 scrolls of amnesia {unknown}
 G - a scroll of noise {unknown}
 J - 2 scrolls of random uselessness {unknown}
Potions
 c - a potion of flight {unknown}
 d - a potion of lignification
 e - a potion of degeneration
 i - a potion of curing
 l - 2 potions of agility
 p - a potion of heal wounds
 z - a potion of might {unknown}
 D - 3 potions of haste
Miscellaneous
 E - a phial of floods
Comestibles
 b - 19 rations
 v - 7 chunks of flesh


   Skills:
 + Level 6.0 Fighting
 + Level 0.2 Throwing
 + Level 4.6 Armour
 + Level 7.2 Dodging
 + Level 9.3 Stealth
 + Level 4.0 Shields
 + Level 15.0 Unarmed Combat


You had 11 spell levels left.
You didn't know any spells.

Dungeon Overview and Level Annotations

Branches:
Dungeon (11/15)            Temple (1/1) D:7             Orc (0/2) D:9
   Lair: D:8-11

Altars:
Ashenzari
Dithmenos
Elyvilon
Gozag
Kikubaaqudgha
Makhleb
Nemelex Xobeh
Okawaru
Qazlal
Ru
Sif Muna
Trog
Uskayaw
Vehumet
Wu Jian
Yredelemnul
Zin
The Shining One

Annotations:
D:4 Grinder


Innate Abilities, Weirdness & Mutations

Your body is rotting away.
You thrive on raw meat.
You are immune to poison.
You have sharp fingernails.
You are carnivorous and can eat meat at any time.
Your flesh is cold resistant. (rC+)
You are immune to negative energy. (rN+++)
You do not regenerate when monsters are visible.
You are immune to unholy pain and torment.
You can survive without breathing.


Message History

The centaur shoots an arrow.
The arrow completely misses you.
The centaur shoots an arrow.
The arrow closely misses you.
The centaur shoots an arrow.
You block the arrow.
You see here an arrow.
You see here an arrow.
You block the orc warrior's attack.
An orc comes into view. It is wielding a mace of crushing.
The orc warrior throws a tomahawk.
The tomahawk hits you but does no damage.
You see here a tomahawk.
The orc shouts!
You hear an angry buzzing noise.
The orc shouts!
As you read the scroll of teleportation, it crumbles to dust.
You feel strangely unstable. The orc closely misses you.
A meliai comes into view. It is wielding a hand axe.
The meliai calls down the wrath of its god upon you.
Something smites you!
* * * LOW HITPOINT WARNING * * *
The meliai mumbles some strange prayers to its god against you.
Something smites you!
You die...

##### #.....# #. #.....# #.
#.....# #. #.....# ## .. #
#.....# .... #.#####.....# ....
#...........# .
...##+####..o...@....#♣P. ..
#......y.o....o>...... ♣....
####.....########o...#.. ....#
.........#......'o...#♣.. ..P♣#
.........#......#....# ..♣♣....#.
.........#......#(...# ♣.... #.
.........########(..K#####.######
...(...............(...(.........
................)................


You could see 2 orc warriors, a big kobold (wandering), a meliai and 3 orcs.

Vanquished Creatures
  Erica (D:8)
  7 two-headed ogres
  An unseen horror (D:10)
  The ghost of WobbleTop the Covert, a novice VSWr of Ashenzari (D:9)
  An orc knight (D:11)
  2 ugly things (D:11)
  Joseph (D:7)
  A yaktaur (D:11)
  A troll (D:11)
  2 hippogriffs
  2 wyverns (D:8)
  Eustachio (D:6)
  A wraith (D:10)
  A hungry ghost (D:10)
  A vampire mosquito (D:11)
  A black bear (D:6)
  5 sky beasts
  3 orc warriors
  2 necrophages
  2 ice beasts
  3 phantoms
  An eye of draining (D:10)
  3 ogres
  3 centaurs
  A crocodile (D:9)
  A big kobold (D:8)
  6 bullfrogs
  3 gnoll sergeants
  3 scorpions
  A wyvern skeleton (D:7)
  5 killer bees
  5 howler monkeys
  A vampire bat (D:5)
  An electric eel (D:9)
  5 crimson imps
  2 quasits
  Crazy Yiuf (D:4)
  3 centaur skeletons
  3 orc priests
  5 hounds
  7 jellies
  12 orc wizards
  A bullfrog skeleton (D:9)
  7 iguanas
  Terence (D:2)
  6 worker ants
  A killer bee zombie (D:7)
  A howler monkey zombie (D:9)
  10 gnolls
  A howler monkey skeleton (D:6)
  11 adders
  A shadow imp (D:6)
  2 adder zombies
  3 adder skeletons
  5 worms
  4 dart slugs
  11 leopard geckos
  28 orcs
  3 ball pythons
  3 bat skeletons (D:5)
  3 bat zombies (D:5)
  6 giant cockroaches
  10 goblins
  9 hobgoblins
  5 jackals
  9 quokkas
  5 bats
  2 frilled lizards
  13 kobolds
  2 leopard gecko skeletons
  A quokka skeleton (D:5)
  11 rats
  2 fungi (D:4)
289 creatures vanquished.

Vanquished Creatures (others)
  A bullfrog zombie (D:7)
  A plant (D:11)
2 creatures vanquished.

Grand Total: 291 creatures vanquished

Notes
Turn   | Place    | Note
-------+----------+-------------------------------------------
     0 | D:1      | Neverless the Ghoul Monk began the quest for the Orb.
     0 | D:1      | Reached XP level 1. HP: 19/19 MP: 0/0
    61 | D:1      | Reached XP level 2. HP: 24/26 MP: 1/1
   520 | D:1      | Reached XP level 3. HP: 29/31 MP: 2/2
   835 | D:2      | Reached skill level 4 in Unarmed Combat
  1245 | D:2      | Reached XP level 4. HP: 21/40 MP: 3/3
  2143 | D:3      | Noticed Terence
  2305 | D:2      | Killed Terence
  2537 | D:3      | Reached skill level 1 in Armour
  2537 | D:3      | Reached XP level 5. HP: 41/46 MP: 4/4
  2552 | D:3      | Reached skill level 5 in Unarmed Combat
  3128 | D:4      | Found a shattered altar of Ashenzari.
  3225 | D:4      | Noticed a sky beast
  3564 | D:4      | Reached XP level 6. HP: 24/52 MP: 5/5
  3705 | D:4      | Found a runed door.
  3709 | D:4      | Noticed Crazy Yiuf
  3828 | D:4      | Killed Crazy Yiuf
  3864 | D:4      | Got a steaming mace
  4028 | D:4      | Noticed Grinder
  4036 | D:4      | Paralysed by Grinder for 3 turns
  4111 | D:4      | Killed a sky beast
  4111 | D:4      | Reached skill level 6 in Unarmed Combat
  4111 | D:4      | Reached XP level 7. HP: 25/58 MP: 6/6
  4318 | D:5      | Entered Level 5 of the Dungeon
  4501 | D:5      | Found an ancient bone altar of Kikubaaqudgha.
  4625 | D:5      | Reached skill level 7 in Unarmed Combat
  4772 | D:5      | Reached XP level 8. HP: 57/66 MP: 7/7
  5002 | D:5      | Reached skill level 8 in Unarmed Combat
  5012 | D:5      | Found a shadowy altar of Dithmenos.
  5131 | D:5      | Found a bloodstained altar of Trog.
  5307 | D:6      | Noticed Eustachio
  5371 | D:6      | Killed Eustachio
  5377 | D:6      | Found a bloodstained altar of Trog.
  5386 | D:6      | Reached skill level 9 in Unarmed Combat
  6077 | D:7      | Found a deep blue altar of Sif Muna.
  6088 | D:7      | Noticed a white ugly thing
  6100 | D:7      | Noticed Joseph
  6267 | D:7      | Reached skill level 1 in Shields
  6296 | D:7      | Reached skill level 5 in Stealth
  6334 | D:7      | Reached XP level 9. HP: 63/72 MP: 8/8
  6343 | D:7      | Found a staircase to the Ecumenical Temple.
  6620 | D:7      | Killed Joseph
  6620 | D:7      | Reached skill level 5 in Dodging
  6620 | D:7      | Reached skill level 10 in Unarmed Combat
  6706 | Temple   | Entered the Ecumenical Temple
  6766 | Temple   | Became a worshipper of Makhleb the Destroyer
  6766 | Temple   | Reached * piety under Makhleb
  6766 | Temple   | Reached ** piety under Makhleb
  8419 | D:8      | Reached skill level 5 in Fighting
  8467 | D:8      | Noticed Erica
  8498 | D:8      | Killed Erica
  8498 | D:8      | Reached skill level 11 in Unarmed Combat
  8498 | D:8      | Reached XP level 10. HP: 32/81 MP: 9/9
  8606 | D:8      | Noticed a two-headed ogre
  8616 | D:8      | Killed a two-headed ogre
  8766 | D:8      | Reached skill level 12 in Unarmed Combat
  8877 | D:8      | Noticed a two-headed ogre
  8891 | D:8      | Killed a two-headed ogre
  8944 | D:8      | Found a stormy altar of Qazlal.
  9148 | D:9      | Found an opulent altar of Gozag.
  9148 | D:9      | Found a glowing silver altar of Zin.
  9186 | D:9      | Found a staircase to the Orcish Mines.
  9254 | D:9      | Noticed a two-headed ogre
  9272 | D:9      | Killed a two-headed ogre
  9412 | D:9      | Reached *** piety under Makhleb
  9412 | D:9      | Reached XP level 11. HP: 88/88 MP: 10/10
  9421 | D:9      | Noticed a two-headed ogre
  9446 | D:9      | Killed a two-headed ogre
  9446 | D:9      | Reached skill level 13 in Unarmed Combat
  9493 | D:10     | Entered Level 10 of the Dungeon
 10106 | D:10     | Noticed an unseen horror
 10117 | D:10     | Killed an unseen horror
 10141 | D:10     | Noticed a two-headed ogre
 10153 | D:10     | Killed a two-headed ogre
 10202 | D:9      | Noticed a two-headed ogre
 10210 | D:9      | Killed a two-headed ogre
 10210 | D:9      | Reached skill level 14 in Unarmed Combat
 10276 | D:9      | Found a glowing golden altar of the Shining One.
 10337 | D:9      | Noticed a two-headed ogre
 10348 | D:9      | Killed a two-headed ogre
 10386 | D:9      | Noticed WobbleTop's ghost (novice VSWr)
 10410 | D:9      | Killed WobbleTop's ghost
 10419 | D:9      | Reached **** piety under Makhleb
 11116 | D:11     | Reached XP level 12. HP: 69/94 MP: 11/11
 11313 | D:11     | Noticed a two-headed ogre
 11389 | D:11     | Reached skill level 15 in Unarmed Combat
 11417 | D:11     | Killed from afar by a meliai

Skill      XL: |  1  2  3  4  5  6  7  8  9 10 11 12 |
---------------+-------------------------------------+-----
Dodging        | 3 4 5 6 7 |  7.2
Unarmed Combat | 4 5 6 7 9 11 12 14 15 | 15.0
Armour         | 1 2 3 4 |  4.6
Fighting       | 4 5 6 |  6.0
Stealth        | 3 4 5 6 8 9 |  9.3
Shields        | 1 2 3 4 |  4.0
Throwing       | |  0.2

Action                   |  1- 3 |  4- 6 |  7- 9 | 10-12 || total
-------------------------+-------+-------+-------+-------++-------
Melee: Unarmed           |   107 |   224 |   468 |   541 ||  1340
       Punch             |     2 |     6 |       |       ||     8
Throw: Throwing net      |       |     1 |     3 |     1 ||     5
Invok: Minor Destruction |       |       |     2 |       ||     2
  Use: Scroll            |     2 |     5 |    11 |     4 ||    22
       Potion            |       |       |    11 |     2 ||    13
 Stab: Sleeping          |     1 |    10 |    20 |    17 ||    48
       Held in net/web   |       |       |     1 |       ||     1
       Distracted        |       |       |       |     2 ||     2
  Eat: Chunk             |    19 |    17 |    36 |    67 ||   139
       Ration            |       |     1 |     2 |       ||     3
Armor: Robe              |    16 |       |       |       ||    16
       Leather armour    |     8 |    37 |   185 |   118 ||   348
Dodge: Dodged            |    65 |   107 |   354 |   236 ||   762
Block: Buckler           |       |       |    69 |    96 ||   165
